 Dungeon Crawl Stone Soup version 0.29-a0-96-g93358da72b (webtiles) character file.

Game seed: 16490734600419236638

299 siradein the Changer (level 6, -3/46 HPs)
             Began as a Merfolk Transmuter on Feb 11, 2022.
             Slain by a gnoll (23 damage)
             ... on level 4 of the Dungeon.
             The game lasted 00:07:00 (5269 turns).

siradein the Changer (Merfolk Transmuter)           Turns: 5269, Time: 00:07:01

Health: -3/46      AC:  4    Str: 11    XL:     6   Next: 36%
Magic:  9/10       EV: 13    Int: 14    God:
Gold:   128        SH:  0    Dex: 14    Spells: 1/11 levels left

rFire   . . .      SeeInvis +   m - +2 short sword (flame)
rCold   + . .      Faith    .   (no shield)
rNeg    . . .      Spirit   .   f - +2 robe {rC+}
rPois   .          Reflect  .   (no helmet)
rElec   .          Harm     .   (no cloak)
rCorr   .          Rampage  .   (no gloves)
Will    .....                   (no boots)
Stlth   +.........              (no amulet)
HPRegen 0.15/turn               j - ring of see invisible
MPRegen 0.12/turn               (no ring)

@: no status effects
A: (nimble swimmer 2), mertail
a: no special abilities


You were on level 4 of the Dungeon.
You visited 1 branch of the dungeon, and saw 4 of its levels.

You collected 128 gold pieces.

Inventory:

Hand Weapons
 m - a +2 short sword of flaming (weapon)
Missiles
 c - 3 javelins
Armour
 f - a +2 robe of cold resistance (worn)
Jewellery
 j - a ring of see invisible (left hand)
Scrolls
 a - a scroll of acquirement {unknown}
 b - a scroll of silence {unknown}
 n - a scroll of teleportation {unknown}
 p - a scroll of immolation {unknown}
Potions
 d - a potion of flight {unknown}
 e - 2 potions of degeneration {unknown}
 g - a potion of mutation {unknown}
 h - 3 potions of lignification {unknown}
 i - a potion of heal wounds {unknown}
 k - a potion of curing {unknown}
 l - a potion of magic {unknown}
 o - a potion of haste {unknown}


   Skills:
 + Level 2.9 Fighting
 + Level 4.2 Dodging
 + Level 4.4 Unarmed Combat
 + Level 3.0 Spellcasting
 + Level 4.4 Transmutations
 + Level 1.7 Poison Magic


You had one spell level left.
You knew the following spells:

 Your Spells              Type           Power      Damage    Failure   Level
a - Beastly Appendage     Tmut           28%        N/A       3%          1
b - Wereblood             Tmut           14%        N/A       5%          2
c - Spider Form           Tmut/Pois      10%        N/A       19%         3
d - Ice Form              Ice/Tmut       8%         N/A       65%         4

Your spell library contained the following spells:

 Spells                   Type           Power      Damage    Failure   Level
 Animate Skeleton         Necr           4%         N/A       22%         1
 Apportation              Tloc           4%         N/A       22%         1
 Pain                     Necr           8%         1d4       22%         1
 Summon Small Mammal      Summ           8%         N/A       22%         1
 Ignite Poison            Fire/Tmut/Pois 7%         N/A       28%         3
 Static Discharge         Conj/Air       2%         N/A       32%         2
 Conjure Flame            Conj/Fire      2%         6-21      54%         3
 Vampiric Draining        Necr           2%         2d6       54%         3
 Sticky Flame             Conj/Fire      2%         2d3       91%         4
 Lightning Bolt           Conj/Air       1%         1d12      99%         5
 Maxwell's Capacitive Co  Air            1%         ∞         100%        8


Dungeon Overview and Level Annotations

Branches:
Dungeon (4/15)
 Temple: D:4-7

Altars:
Ashenzari


Innate Abilities, Weirdness & Mutations

((You are very nimble when in or above water. (Stealth+, EV+, Speed+++)))
Your lower body shifts to a powerful aquatic tail in water.


Message History

You completely miss the gnoll.
The gnoll is moderately wounded.
The gnoll completely misses you.
You hit the gnoll.
The gnoll is severely wounded.
The gnoll hits you with a +0 flail!
You bite the gnoll!
You kill the gnoll!
You barely miss the gnoll.
The gnoll hits you with a +0 long sword.
You hit the gnoll.
The gnoll is lightly wounded.
The gnoll completely misses you.
You hit the gnoll.
The gnoll is poisoned.
The gnoll is moderately wounded.
The gnoll completely misses you.
You hit the gnoll.
The gnoll looks as sick as possible!
The gnoll is severely wounded.
The gnoll closely misses you.
You hit the gnoll but do no damage.
The gnoll looks as sick as possible!
The gnoll is almost dead.
The gnoll hits you with a +0 long sword.
You bite the gnoll!
You kill the gnoll!
Your transformation is almost over.
No target in view!
A gnoll comes into view. It is wielding a +0 halberd.
The gnoll shouts!
The gnoll barely misses you.
The gnoll drinks a potion.
The gnoll goes berserk!
You hit the gnoll.
The gnoll is moderately wounded.
Your transformation has ended.
Your +2 short sword of flaming unmelds from your body.
Your +2 robe of cold resistance unmelds from your body.
Your +2 short sword of flaming bursts into flame!
You feel resistant to cold. The gnoll hits you with a +0 halberd!
The gnoll hits you from afar with a +0 halberd!!
Ouch! That really hurt!
You die...

#.###)#..# ≈≈≈ ≈
#....)†.##≈#≈#≈≈# ..#
#####.#.≈≈≈≈≈≈≈≈≈#..#
......#†#≈≈≈≈≈≈#≈≈..#
####..##≈#≈≈≈≈#≈..#
#....≈≈≈≈#≈≈#...#
#.#.)###≈≈##≈...##
#.#....##≈#".....#
##.#.........@.g#
#..........)#####
#..###.######
#........# #.###....#
.. #...?.. .#
#..##### ##.# #.#


You could see a gnoll (berserk).

Vanquished Creatures
  A howler monkey (D:3)
  Natasha (thrice) (D:3)
  Jessica (D:2)
  Terence (D:2)
  3 adders
  3 gnolls
  2 worms
  4 dart slugs
  4 orcs (D:4)
  4 bats
  5 endoplasms
  3 giant cockroaches (D:1)
  3 goblins
  5 hobgoblins
  4 jackals
  5 kobolds
  A quokka (D:2)
  8 ball pythons
  3 frilled lizards
  4 rats
67 creatures vanquished.

Notes
Turn   | Place    | Note
-------+----------+-------------------------------------------
     0 | D:1      | siradein the Merfolk Transmuter began the quest for the
                  | Orb.
     0 | D:1      | Reached XP level 1. HP: 15/15 MP: 3/3
   300 | D:1      | Reached XP level 2. HP: 18/21 MP: 3/5
   334 | D:1      | Learned a level 2 spell: Wereblood
  1165 | D:2      | Reached XP level 3. HP: 13/27 MP: 4/6
  1633 | D:2      | Noticed Jessica
  1649 | D:2      | Killed Jessica
  1650 | D:2      | Reached XP level 4. HP: 32/33 MP: 7/7
  1800 | D:2      | Noticed Terence
  1808 | D:2      | Learned a level 3 spell: Spider Form
  2106 | D:1      | Found a faded altar of an unknown god.
  2510 | D:2      | Killed Terence
  2667 | D:2      | Reached XP level 5. HP: 38/38 MP: 6/8
  2783 | D:2      | Found a broken altar of Ashenzari.
  2857 | D:2      | Found a broken altar of Ashenzari.
  3530 | D:3      | Noticed Natasha
  3586 | D:3      | Killed Natasha
  3587 | D:3      | Reached skill level 1 in Poison Magic
  3587 | D:3      | Noticed Natasha
  3720 | D:3      | Killed Natasha
  3796 | D:3      | Noticed Natasha
  4011 | D:3      | Killed Natasha
  4360 | D:3      | Reached XP level 6. HP: 34/46 MP: 10/10
  4365 | D:3      | Learned a level 4 spell: Ice Form
  5269 | D:4      | Slain by a gnoll

Illustrated notes

Levels and vault maps discovered:
D:1:      onia_arrival_handbag, layout_loops_ring,
          ebering_ecumenical_altar_ruins, minmay_pentomino_t4
D:2:      layout_basic, basic_altar, uniq_terence, uniq_jessica
D:3:      layout_loops_ring, uniq_natasha
D:4:      layout_loops_ring, lemuel_coloured_pillars_altar, minivault_24,
          grunt_ministairs_8, minivault_4, minmay_quadrilaterals

Skill      XL: |  1  2  3  4  5 |
---------------+----------------+-----
Transmutations | 3 4 |  4.4
Dodging        | 3 4 |  4.2
Fighting       | 2 |  2.9
Unarmed Combat | 4 |  4.4
Poison Magic   | 1 |  1.7
Spellcasting   | 3 |  3.0

Action                   |  1- 3 |  4- 6 || total
-------------------------+-------+-------++-------
Melee: Dagger            |    75 |    88 ||   163
       Headbutt          |    12 |    19 ||    31
       Punch             |     3 |     2 ||     5
       Unarmed           |       |    58 ||    58
       Short sword       |       |     8 ||     8
 Cast: Beastly Appendage |    20 |    22 ||    42
       Spider Form       |       |    10 ||    10
 Stab: Sleeping          |     3 |     1 ||     4
Armor: Robe              |    19 |    33 ||    52
       Skin              |       |     3 ||     3
Dodge: Dodged            |    60 |   111 ||   171

Table legend: (Time is in decaauts)
 A = Elapsed time spent in this place.
 B = Non-inter-level travel time spent in this place.
 C = Inter-level travel time spent in this place.
 D = Time resting spent in this place.
 E = Time spent auto-exploring this place.
 F = Levels seen in this place.
 G = Mean time per level.
                   A        B        C        D        E       F      G
               +--------+--------+--------+--------+--------+-----+--------+
         Total |   5296 |   5205 |     91 |    728 |   3593 |   4 | 1324.0 |
       Dungeon |   5296 |   5205 |     91 |    728 |   3593 |   4 | 1324.0 |
               +--------+--------+--------+--------+--------+-----+--------+

Top non-repeatable levels by time:
     D:2: 2689 daAuts
     D:1: 1381 daAuts
     D:3: 847 daAuts
     D:4: 377 daAuts
